 Dungeon Crawl Stone Soup version 0.28.0-45-g0d030f2227 (webtiles) character file.

Game seed: 1769410681422365991

88 styxcanada the Sneak (level 4, -6/23 HPs)
             Began as a Spriggan Brigand on Apr 21, 2022.
             Mangled by Grinder (7 damage)
             ... on level 3 of the Dungeon.
             The game lasted 00:07:17 (2438 turns).

styxcanada the Sneak (Spriggan Brigand)             Turns: 2438, Time: 00:07:17

Health: -6/23      AC:  4    Str:  4 (7)  XL:     4   Next: 30%
Magic:  5/5        EV: 17    Int:  9 (12) God:
Gold:   41         SH:  0    Dex: 17 (18) Spells: 3/3 levels left

rFire   . . .      SeeInvis +   a - +2 dagger
rCold   . . .      Faith    .   (no shield)
rNeg    . . .      Spirit   .   b - +0 robe
rPois   .          Reflect  .   (helmet restricted)
rElec   .          Harm     .   c - +1 cloak
rCorr   .          Rampage  .   (gloves unavailable)
Will    .....                   (boots unavailable)
Stlth   ++++......              (no amulet)
HPRegen 0.07/turn               (no ring)
MPRegen 0.09/turn               (no ring)

@: very quick
A: very small, no large weapons, unfitting armour, see invisible, speed 3
a: no special abilities


You were on level 3 of the Dungeon.
You visited 1 branch of the dungeon, and saw 3 of its levels.

You collected 41 gold pieces.

Inventory:

Hand Weapons
 a - a +2 dagger (weapon)
 f - a +0 hunting sling
Missiles
 e - a curare-tipped dart (quivered)
 i - 58 stones
 k - 7 boomerangs
Armour
 b - a +0 robe (worn)
 c - a +1 cloak (worn)
Scrolls
 j - a scroll of noise {unknown}
Potions
 d - a potion of might {unknown}
 h - a potion of degeneration
 m - a potion of lignification {unknown}
 n - a potion of cancellation {unknown}


   Skills:
 * Level 2.1 Fighting
 + Level 2.4 Short Blades
 + Level 2.3 Throwing
 * Level 2.1 Dodging
 * Level 7.7 Stealth


You had 3 spell levels left.
You didn't know any spells.
Your spell library was empty.

Dungeon Overview and Level Annotations

Branches:
Dungeon (3/15)

Altars:

Annotations:
D:3 Grinder


Innate Abilities, Weirdness & Mutations

You are very small and have problems with some larger weapons.
You are too small for most types of armour.
You have supernaturally acute eyesight. (SInv)
You cover ground extremely quickly. (Speed+++)


Message History

Okay, then.
You start resting.
Grinder is nearby!
Throw: 4 darts (poison)
Press: ? - help, Q - select action, (/) - cycle Shift-Dir - straight line, f - Grinder
Aim: Grinder (lightly wounded, 60% to hit)
You throw a poisoned dart. The poisoned dart hits Grinder.
Grinder is lightly wounded.
Grinder says, "Wait up."
Throw: 3 darts (poison)
Press: ? - help, Q - select action, (/) - cycle Shift-Dir - straight line, f/p - Grinder
Aim: Grinder (lightly wounded, 60% to hit)
You throw a poisoned dart.
The poisoned dart closely misses Grinder.
Unknown command.
Grinder gestures at you.
You suddenly lose the ability to move!
Grinder blinks! x2
You can move again.
Throw: 2 darts (poison)
Press: ? - help, Q - select action, (/) - cycle Shift-Dir - straight line, f/p - Grinder
Aim: Grinder (lightly wounded, 60% to hit)
You throw a poisoned dart. The poisoned dart hits Grinder.
Grinder is lightly wounded.
Throw: dart (poison)
Press: ? - help, Q - select action, (/) - cycle Shift-Dir - straight line, f/p - Grinder
Aim: Grinder (lightly wounded, 60% to hit)
You throw a poisoned dart.
The poisoned dart closely misses Grinder.
Grinder gestures at you.
You suddenly lose the ability to move!
Grinder says, "What is the universe for?"
Grinder hits you.
You writhe in agony.
* * * LOW HITPOINT WARNING * * *
You can move again.
It was a potion of degeneration.
There was something very wrong with that liquid.
You feel weakened.
You feel dopey.
You feel clumsy. Grinder hits you!
You die...

... ##.#. ####
.#.. #.. ... #ยง#
#.. #.# #.. #.#
#..#######(###
#(..5@......(#
#(######.###.....
# #..# ...##
#..###.#.#
#......#.#
#..#####.#
..#######.......#
#.
...........#####.#
#. .######.##.#


You could see Grinder.

Vanquished Creatures
  An orc wizard (D:2)
  3 adders (D:2)
  6 orcs
  4 ball pythons
  2 giant cockroaches (D:1)
  A goblin (D:1)
  3 hobgoblins
  6 kobolds
  A quokka (D:1)
  A bat (D:1)
  2 rats (D:1)
  A bush (D:2)
31 creatures vanquished.

Notes
Turn   | Place    | Note
-------+----------+-------------------------------------------
     0 | D:1      | styxcanada the Spriggan Brigand began the quest for the
                  | Orb.
     0 | D:1      | Reached XP level 1. HP: 10/10 MP: 2/2
    72 | D:1      | Reached skill level 6 in Stealth
   150 | D:1      | Reached XP level 2. HP: 12/15 MP: 3/3
  1103 | D:2      | Reached skill level 7 in Stealth
  1103 | D:2      | Reached XP level 3. HP: 18/18 MP: 4/4
  1166 | D:2      | Reached XP level 4. HP: 10/23 MP: 5/5
  2403 | D:3      | Noticed Grinder
  2426 | D:3      | Paralysed by Grinder for 5 turns
  2435 | D:3      | Paralysed by Grinder for 2 turns
  2437 | D:3      | HP: 1/23 [Grinder (6)]
  2438 | D:3      | Mangled by Grinder

Illustrated notes

Levels and vault maps discovered:
D:1:      dpeg_arrival_prison, layout_rooms, minmay_misc_feat_rugged
D:2:      layout_rooms, serial_park_tiny_1
D:3:      layout_loops_ring, uniq_grinder

Skill      XL: |  1  2  3 |
---------------+----------+-----
Stealth        | 6 7 |  7.7
Fighting       | 2 |  2.1
Dodging        | 2 |  2.1
Short Blades   | |  2.4
Throwing       | |  2.3

Action                   |  1- 3 |  4- 6 || total
-------------------------+-------+-------++-------
Melee: Dagger            |    57 |   419 ||   476
       Punch             |       |    13 ||    13
Throw: Dart              |    15 |    12 ||    27
       Stone             |     4 |       ||     4
  Use: Scroll            |       |     2 ||     2
       Potion            |       |     1 ||     1
 Stab: Sleeping          |     8 |     3 ||    11
Armor: Robe              |     8 |     2 ||    10
Dodge: Dodged            |    33 |    10 ||    43
